 Dungeon Crawl Stone Soup version 0.26.0-10-g1f06aea511 (webtiles) character file.

Game seed: 15680505141790901639

5339 septik the Cleaver (level 10, -6/89 (91) HPs)
             Began as a Minotaur Berserker on Jan 28, 2021.
             Was a High Priest of Trog.
             Mangled by a boulder beetle (17 damage)
             ... on level 12 of the Dungeon.
             The game lasted 00:17:15 (7117 turns).

septik the Cleaver (Minotaur Berserker)             Turns: 7117, Time: 00:17:16

HP:   -6/89 (91)    AC: 11    Str: 25    XL:     10   Next: 38%
MP:   9/9           EV: 14    Int:  4    God:    Trog [*****.]
Gold: 518           SH:  0    Dex: 10    Spells: 9/9 levels left

rFire    + . .     SeeInvis .   f - +2 whip (elec)
rCold    . . .     Faith    +   (no shield)
rNeg     . . .     Spirit   .   x - +1 ring mail {rF+}
rPois    .         Reflect  .   (helmet restricted)
rElec    .         Harm     .   E - +1 cloak
rCorr    .         Rampage  .   (no gloves)
Will     .....                  K - +0 pair of boots
Stlth    ..........             s - amulet of faith
HPRegen  0.24/turn              (no ring)
MPRegen  0.11/turn              (no ring)

@: berserk cooldown, slowed, lightly drained, very slow
A: retaliatory headbutt, horns 2
a: Renounce Religion, Berserk, Trog's Hand, Brothers in Arms


You were on level 12 of the Dungeon.
You worshipped Trog.
Trog was extremely pleased with you.
You visited 2 branches of the dungeon, and saw 11 of its levels.
You also visited: Bailey.

You collected 518 gold pieces.

Inventory:

Hand Weapons
 a - a +0 hand axe
 f - a +2 whip of electrocution (weapon)
 l - a +0 broad axe
 t - a +4 quarterstaff of chaos
 F - a +1 war axe
Armour
 e - a +0 chain mail
 u - a +0 cloak
 x - a +1 ring mail of fire resistance (worn)
 E - a +1 cloak (worn)
 K - a +0 pair of boots (worn)
Jewellery
 b - an uncursed amulet of magic regeneration
 s - an amulet of faith (around neck)
 z - a +6 ring of dexterity
Wands
 o - a wand of random effects (37)
 y - a wand of polymorph (11)
 D - a wand of enslavement (8)
 G - a wand of acid (7)
 H - a wand of flame (27)
Scrolls
 c - 4 scrolls of teleportation
 h - 15 scrolls of remove curse
 i - a scroll of enchant weapon
 k - 13 scrolls of identify
 m - a scroll of fog
 p - a scroll of fear
 w - a scroll of enchant armour
 J - a scroll of magic mapping {unknown}
Potions
 d - 4 potions of curing {unknown}
 g - 3 potions of flight {unknown}
 j - 2 potions of haste {unknown}
 n - 3 potions of magic {unknown}
 q - 2 potions of brilliance {unknown}
 r - 2 potions of lignification {unknown}
 v - a potion of heal wounds {unknown}
 A - 6 potions of might {unknown}
 B - a potion of berserk rage {unknown}
 C - a potion of degeneration {unknown}
 I - a potion of mutation {unknown}


   Skills:
 + Level 9.1 Fighting
 * Level 12.0 Axes
 + Level 8.6 Armour
 + Level 7.9 Dodging


You had 9 spell levels left.
You didn't know any spells.
Your spell library contained the following spells:

 Spells                   Type           Power        Failure   Level
 Magic Dart               Conj           0%           63%         1
 Blink                    Tloc           N/A          77%         2
 Call Imp                 Summ           0%           77%         2
 Slow                     Hex            0%           77%         2
 Conjure Flame            Conj/Fire      0%           94%         3
 Mephitic Cloud           Conj/Pois/Air  0%           94%         3


Dungeon Overview and Level Annotations

Branches:
Dungeon (9/15)             Temple (1/1) D:5          Bailey (visited)
   Lair: D:8-11         Orc: D:9-12

Altars:
Ashenzari
Hepliaklqana
Ru
Trog
Uskayaw
Xom

Shops:
D:5 :   D:7 :


Innate Abilities, Weirdness & Mutations

You reflexively headbutt those who attack you in melee.
You have a pair of horns on your head.


Message History

The boulder beetle is heavily wounded.
The boulder beetle bites you but does no damage.
You whack the boulder beetle!
Lightning courses through the boulder beetle!
You headbutt the boulder beetle, but do no damage.
The boulder beetle is severely wounded.
The boulder beetle waves its antennae.
The boulder beetle bites you!! The jelly barely misses you.
You furiously retaliate!
You headbutt the jelly!
You kill the jelly!
Trog accepts your kill.
You hit the boulder beetle but do no damage.
You headbutt the boulder beetle, but do no damage.
The boulder beetle is severely wounded.
The boulder beetle bites you!!
* * * LOW HITPOINT WARNING * * *
You hit the boulder beetle but do no damage.
The boulder beetle is severely wounded.
The boulder beetle bites you!
You die...

##### ##...##
########....(#
#............#######
#.######....@B......
#.##................
#####)##)#######....(...
#......).# #.##.....
#.##..#..# #.# .##..
#.#......# ..# # .
.........# ###
....#..[.# #
..####...###...#


You could see a boulder beetle.

Vanquished Creatures
  Pikel (D:7)
  An orc knight (Bailey)
  A hornet (D:12)
  The ghost of Killmatronix the Chucker, an amateur OpHu (D:4)
  A water moccasin (D:8)
  An orc warrior (D:7)
  2 black bears (D:9)
  An ice beast (D:3)
  4 sky beasts
  3 phantoms
  A necrophage (D:5)
  4 centaurs
  4 ogres
  A big kobold (D:7)
  2 bullfrogs
  4 scorpions
  6 killer bees (D:8)
  6 wights
  4 electric eels
  5 howler monkeys
  3 jellies
  4 quasits
  6 hounds
  4 orc wizards
  Crazy Yiuf (D:3)
  A centaur skeleton (D:6)
  Terence (D:2)
  4 iguanas
  7 worker ants
  A killer bee zombie (D:6)
  A hound skeleton (D:6)
  9 adders
  4 white imps
  2 ufetubi (D:6)
  An ooze (D:5)
  An adder skeleton (D:6)
  5 worms
  A dart slug (D:1)
  8 leopard geckos
  25 orcs
  4 giant cockroaches
  8 goblins
  7 hobgoblins
  4 jackals (D:6)
  15 kobolds
  3 quokkas
  2 ball pythons (D:1)
  9 bats
  7 frilled lizards
  8 rats
209 creatures vanquished.

Vanquished Creatures (others)
  A worker ant (D:7)
  A goblin (D:7)
2 creatures vanquished.

Grand Total: 211 creatures vanquished

Notes
Turn   | Place    | Note
-------+----------+-------------------------------------------
     0 | D:1      | septik the Minotaur Berserker began the quest for the Orb.
     0 | D:1      | Reached XP level 1. HP: 19/19 MP: 0/0
   260 | D:1      | Reached XP level 2. HP: 27/27 MP: 1/1
   267 | D:1      | Reached skill level 4 in Axes
   490 | D:1      | Found a shimmering altar of Xom.
   673 | D:1      | Reached ** piety under Trog
   702 | D:1      | Reached XP level 3. HP: 33/33 MP: 2/2
  1486 | D:2      | Noticed Terence
  1489 | D:2      | Killed Terence
  1490 | D:2      | Reached XP level 4. HP: 40/40 MP: 3/3
  1840 | D:3      | Reached skill level 5 in Axes
  1866 | D:3      | Found a broken altar of Ashenzari.
  1879 | D:3      | Reached XP level 5. HP: 47/47 MP: 4/4
  1937 | D:3      | Noticed an ice beast
  1943 | D:3      | Killed an ice beast
  1944 | D:3      | Reached *** piety under Trog
  2244 | D:3      | Noticed a sky beast
  2254 | D:3      | Reached XP level 6. HP: 44/55 MP: 5/5
  2256 | D:3      | Killed a sky beast
  2257 | D:3      | Reached skill level 5 in Fighting
  2257 | D:3      | Reached skill level 6 in Axes
  2485 | D:3      | Found a runed translucent door.
  2486 | D:3      | Noticed Crazy Yiuf
  2490 | D:3      | Killed Crazy Yiuf
  2549 | D:4      | Reached XP level 7. HP: 58/61 MP: 6/6
  2610 | D:4      | Found a hazy altar of Hepliaklqana.
  2711 | D:4      | Found a transporter.
  2716 | D:4      | Found a transporter.
  2736 | D:4      | Noticed Killmatronix's ghost (amateur OpHu)
  2749 | D:4      | Reached skill level 7 in Axes
  2925 | D:4      | Reached **** piety under Trog
  2926 | D:4      | Reached skill level 5 in Armour
  2929 | D:4      | Killed Killmatronix's ghost
  2984 | D:5      | Entered Level 5 of the Dungeon
  2988 | D:5      | Reached skill level 5 in Dodging
  2988 | D:5      | Reached XP level 8. HP: 70/70 MP: 7/7
  3020 | D:5      | Reached skill level 8 in Axes
  3179 | D:5      | Found a staircase to the Ecumenical Temple.
  3322 | D:5      | Found Coatyn's Book Shoppe.
  3485 | Temple   | Entered the Ecumenical Temple
  3626 | D:6      | Reached skill level 9 in Axes
  3763 | D:6      | Reached ***** piety under Trog
  3796 | D:6      | Reached XP level 9. HP: 43/79 MP: 8/8
  4617 | D:7      | Found a shimmering altar of Xom.
  4872 | D:7      | Reached skill level 10 in Axes
  5047 | D:7      | Noticed Pikel
  5052 | D:7      | Killed Pikel
  5090 | D:7      | Found a flagged portal.
  5101 | Bailey   | Entered a bailey
  5220 | Bailey   | Noticed an orc knight
  5239 | Bailey   | Killed an orc knight
  5240 | Bailey   | Reached skill level 11 in Axes
  5278 | Bailey   | Found an iron altar of Okawaru.
  5278 | Bailey   | Noticed a kobold demonologist
  5278 | Bailey   | Noticed an orc sorcerer
  5279 | Bailey   | Noticed an ice devil
  5279 | Bailey   | Noticed a soul eater
  5442 | D:7      | Found Pono's Book Shop.
  5963 | D:8      | Reached XP level 10. HP: 90/90 MP: 9/9
  6174 | D:8      | Found a transporter.
  6192 | D:8      | Found a transporter.
  6567 | D:8      | Found a hide-covered altar of Uskayaw.
  6623 | D:9      | Found a bloodstained altar of Trog.
  6765 | D:9      | Found a sacrificial altar of Ru.
  6888 | D:9      | You fall into a shaft and drop 3 floors!
  6971 | D:12     | Reached skill level 12 in Axes
  7099 | D:12     | Noticed a boulder beetle
  7117 | D:12     | Mangled by a boulder beetle

Illustrated notes

Levels and vault maps discovered:
D:1:      nagdon_arrival_double_spiral, layout_loops_ring,
          minmay_misc_feat_roman, kennysheep_flooded_box
D:2:      layout_basic, uniq_terence
D:3:      layout_loops_cross, cheibrodos_ashenzari_chains,
          uniq_crazy_yiuf_cottage
D:4:      layout_rooms, lemuel_doored_altar, gammafunk_ghost_stat_death
D:5:      layout_basic, minmay_temple_entry_mini_moons, serial_shops, shop
D:6:      layout_cave_pools, minmay_misc_feat_rows
D:7:      layout_rooms, xom_confusion_cloud, enter_bailey_5, serial_shops,
          kennysheep_little_box, serial_curves, eino_curves_02, eino_curves_04,
          hangedman_decor_points, uniq_pikel
D:8:      gammafunk_steamed_eel, layout_rooms, nicolae_overflow_hidden_temple,
          nrook_campfire
D:9:      layout_big_octagon, lemuel_crystal_altar, trog_ov_bears_minmay,
          glass_columns_b
D:12:     layout_loops_ring, minmay_orc_entry_guard_dogs,
          minmay_misc_feat_square
Temple:   regret_index_temple_generic_petals

Skill      XL: |  1  2  3  4  5  6  7  8  9 10 |
---------------+-------------------------------+-----
Axes           | 4 5 6 7 9 11 12 | 12.0
Fighting       | 4 5 6 7 8 9 |  9.1
Armour         | 3 4 5 6 8 |  8.6
Dodging        | 3 4 5 6 7 |  7.9

Action                   |  1- 3 |  4- 6 |  7- 9 | 10-12 || total
-------------------------+-------+-------+-------+-------++-------
Melee: Hand axe          |    27 |       |       |       ||    27
       Headbutt          |     8 |     7 |    53 |    25 ||    93
       Whip              |    59 |    59 |   275 |    95 ||   488
Invok: Berserk           |     1 |     3 |    11 |     4 ||    19
  Use: Scroll            |       |       |    10 |       ||    10
 Stab: Sleeping          |     1 |       |       |       ||     1
Armor: Animal skin       |     3 |       |       |       ||     3
       Chain mail        |    29 |    29 |     4 |       ||    62
       Ring mail         |     1 |       |    98 |    26 ||   125
Dodge: Dodged            |    49 |    29 |   204 |    57 ||   339
